General information
- name: BNet
- type: Ladder 1vs1/FFA
- host: Battle.net
- saver: BEAR_AND
map: PlunderIsle
- players: 2
- length: 48:01
- speed: Fast
- version: 1.27 W3XP
- replay type:

» download(162 KB)
Players
team 1 (winner)
BEAR_AND (
red | 123 APM | 5911 actions | 48:01)
5 Archmage
2 Summon Water Elemental
2 Brilliance Aura
1 Blizzard
4 Mountain King
2 Storm Bolt
2 Bash
4 Paladin
3 Holy Light
1 Devotion Aura
» actions
| Assign group hotkey | 44 | |
| Basic commands | 31 | |
| Build / train | 161 | |
| Enter build submenu | 51 | |
| Enter hero's abilities submenu | 13 | |
| Give item / drop item | 7 | |
| Remove unit from queue | 3 | |
| Right click | 3727 | |
| Select / deselect | 931 | |
| Select group hotkey | 499 | |
| Use ability | 444 | |
5911 total
» units
| Peasant | 21 | |
| Priest | 2 | |
| Dragonhawk Rider | 9 | |
| Sorceress | 1 | |
33 total
» upgrades
| Masonry | 3 | |
| Magic Sentry | 1 | |
| Lumber Harvesting | 2 | |
| Priest Training | 1 | |
| Animal War Training | 1 | |
| Sorceress Training | 1 | |
| Swords | 3 | |
| Armor | 3 | |
15 total
» buildings
| Altar of Kings | 1 | |
| Farm | 5 | |
| Lumber Mill | 1 | |
| Scout Tower | 84 | |
| Arcane Vault | 2 | |
| Arcane Tower | 14 | |
| Guard Tower | 48 | |
| Keep | 4 | |
| Arcane Sanctum | 2 | |
| Town Hall | 1 | |
| Castle | 2 | |
| Gryphon Aviary | 1 | |
| Barracks | 1 | |
| Blacksmith | 1 | |
167 total
» build order
00:10 Altar of Kings
00:21 Farm
00:41 Lumber Mill
00:50 Farm
00:55 Scout Tower
01:35 Arcane Vault
01:40 Arcane Tower
01:40 Arcane Tower
01:55 Scout Tower
02:33 Guard Tower
02:33 Guard Tower
02:51 Keep
02:52 Keep
02:52 Keep
03:19 Farm
03:27 Scout Tower
03:37 Scout Tower
03:38 Scout Tower
03:38 Scout Tower
03:40 Scout Tower
03:58 Guard Tower
04:31 Guard Tower
04:41 Scout Tower
04:58 Guard Tower
05:43 Guard Tower
05:45 Scout Tower
05:59 Arcane Sanctum
06:01 Arcane Sanctum
06:26 Guard Tower
07:25 Town Hall
08:27 Scout Tower
08:28 Scout Tower
08:29 Scout Tower
08:29 Scout Tower
08:30 Scout Tower
08:30 Scout Tower
08:31 Scout Tower
08:32 Scout Tower
08:36 Castle
08:58 Farm
08:59 Farm
09:18 Arcane Tower
09:18 Guard Tower
09:19 Guard Tower
09:19 Guard Tower
09:21 Guard Tower
09:21 Guard Tower
09:47 Guard Tower
09:47 Guard Tower
09:47 Guard Tower
09:47 Guard Tower
09:48 Guard Tower
10:13 Scout Tower
10:13 Scout Tower
10:14 Scout Tower
10:18 Scout Tower
10:19 Scout Tower
10:19 Scout Tower
10:20 Scout Tower
10:47 Guard Tower
10:51 Guard Tower
11:27 Guard Tower
11:28 Guard Tower
11:37 Arcane Vault
11:40 Scout Tower
11:41 Scout Tower
11:41 Scout Tower
11:42 Scout Tower
11:53 Guard Tower
11:54 Guard Tower
12:02 Scout Tower
12:03 Scout Tower
12:03 Scout Tower
12:04 Scout Tower
12:07 Gryphon Aviary
12:23 Guard Tower
12:26 Scout Tower
12:27 Scout Tower
12:27 Scout Tower
12:28 Scout Tower
13:48 Barracks
13:49 Blacksmith
13:51 Guard Tower
13:51 Guard Tower
13:53 Guard Tower
14:47 Arcane Tower
14:50 Guard Tower
14:53 Scout Tower
14:53 Scout Tower
14:54 Scout Tower
15:13 Guard Tower
15:22 Arcane Tower
15:22 Arcane Tower
16:00 Guard Tower
16:43 Guard Tower
16:48 Scout Tower
16:49 Scout Tower
16:49 Scout Tower
16:51 Scout Tower
16:52 Scout Tower
18:32 Scout Tower
18:33 Scout Tower
18:33 Scout Tower
18:34 Scout Tower
18:34 Scout Tower
18:35 Scout Tower
18:37 Scout Tower
18:38 Scout Tower
18:38 Scout Tower
18:39 Scout Tower
18:39 Scout Tower
18:40 Scout Tower
18:50 Guard Tower
18:57 Scout Tower
18:57 Scout Tower
18:58 Scout Tower
18:59 Scout Tower
19:01 Scout Tower
19:02 Scout Tower
19:30 Arcane Tower
19:57 Arcane Tower
20:35 Scout Tower
20:35 Scout Tower
20:36 Guard Tower
20:37 Guard Tower
20:37 Guard Tower
21:00 Guard Tower
21:28 Guard Tower
21:36 Arcane Tower
21:36 Arcane Tower
21:36 Arcane Tower
21:37 Arcane Tower
21:37 Arcane Tower
22:08 Guard Tower
22:09 Guard Tower
22:10 Guard Tower
25:19 Guard Tower
25:25 Scout Tower
25:26 Scout Tower
25:27 Scout Tower
25:27 Scout Tower
25:28 Scout Tower
25:28 Scout Tower
28:28 Guard Tower
32:54 Scout Tower
32:55 Scout Tower
32:56 Scout Tower
32:56 Scout Tower
32:57 Scout Tower
32:58 Scout Tower
32:59 Scout Tower
33:00 Scout Tower
33:01 Scout Tower
33:01 Scout Tower
33:55 Guard Tower
35:35 Guard Tower
36:51 Guard Tower
37:22 Guard Tower
40:37 Scout Tower
40:37 Scout Tower
40:38 Scout Tower
40:38 Scout Tower
42:49 Guard Tower
» items
| Boots of Speed | 3 | |
| Staff of Teleportation | 3 | |
| Lesser Clarity Potion | 1 | |
| Scroll of Regeneration | 1 | |
| Potion of Healing | 1 | |
| Staff of Sanctuary | 3 | |
| Tome of Retraining | 2 | |
14 total
team 2 (loser)
MrAnderson007 (
green | 61 APM | 2914 actions | 48:00)
4 Dreadlord
1 Sleep
2 Vampiric Aura
1 Carrion Swarm
2 Death Knight
1 Death Coil
1 Unholy Aura
1 Lich
1 Frost Nova
» actions
| Assign group hotkey | 73 | |
| Basic commands | 58 | |
| Build / train | 134 | |
| Enter build submenu | 40 | |
| Enter hero's abilities submenu | 9 | |
| Give item / drop item | 9 | |
| Remove unit from queue | 8 | |
| Right click | 779 | |
| Select / deselect | 474 | |
| Select group hotkey | 1135 | |
| Use ability | 195 | |
2914 total
» units
| Acolyte | 30 | |
| Ghoul | 11 | |
| Crypt Fiend | 4 | |
| Obsidian Statue | 2 | |
| Gargoyle | 2 | |
| Meatwagon | 7 | |
| Frost Wyrm | 6 | |
| Abomination | 5 | |
67 total
» upgrades
| Cannibalize | 1 | |
| Web | 1 | |
| Ghoul Frenzy | 1 | |
| Creature Carapace | 3 | |
| Disease Cloud | 1 | |
| Exhume Corpses | 1 | |
| Creature Attack | 4 | |
| Freezing Breath | 1 | |
| Unholy Strength | 3 | |
| Unholy Armor | 2 | |
18 total
» buildings
| Ziggurat | 21 | |
| Crypt | 1 | |
| Altar of Darkness | 1 | |
| Tomb of Relics | 3 | |
| Nerubian Tower | 2 | |
| Graveyard | 1 | |
| Halls of the Dead | 3 | |
| Spirit Tower | 12 | |
| Black Citadel | 3 | |
| Slaughterhouse | 1 | |
| Sacrificial Pit | 1 | |
| Necropolis | 3 | |
| Boneyard | 4 | |
56 total
» build order
00:14 Ziggurat
00:17 Crypt
00:20 Altar of Darkness
01:13 Tomb of Relics
01:34 Nerubian Tower
02:13 Graveyard
02:25 Ziggurat
04:32 Ziggurat
05:09 Halls of the Dead
05:28 Ziggurat
05:40 Spirit Tower
05:48 Spirit Tower
06:31 Spirit Tower
07:31 Ziggurat
09:31 Black Citadel
09:57 Slaughterhouse
10:00 Spirit Tower
10:07 Ziggurat
10:21 Sacrificial Pit
12:00 Necropolis
13:18 Boneyard
13:23 Boneyard
13:29 Boneyard
13:40 Boneyard
13:49 Spirit Tower
13:57 Ziggurat
14:03 Ziggurat
14:14 Ziggurat
15:43 Ziggurat
17:03 Spirit Tower
17:07 Ziggurat
17:10 Ziggurat
17:16 Ziggurat
18:27 Necropolis
18:36 Halls of the Dead
18:39 Nerubian Tower
19:16 Spirit Tower
23:46 Ziggurat
23:48 Ziggurat
23:49 Ziggurat
23:50 Ziggurat
23:53 Halls of the Dead
24:54 Spirit Tower
25:35 Spirit Tower
25:41 Necropolis
25:50 Tomb of Relics
27:42 Ziggurat
27:44 Ziggurat
27:45 Ziggurat
27:49 Ziggurat
28:41 Spirit Tower
28:43 Spirit Tower
28:45 Spirit Tower
30:09 Black Citadel
30:21 Black Citadel
34:46 Tomb of Relics
» items
| Rod of Necromancy | 4 | |
| Dust of Appearance | 1 | |
| Potion of Lesser Invulnerability | 1 | |
| Orb of Corruption | 2 | |
| Scroll of Town Portal | 2 | |
| Sacrificial Skull | 1 | |
11 total
Chat log
(00:27 / All) BEAR_AND: hi
(00:33 / All) MrAnderson007: HF GL
(24:58 / All) BEAR_AND: }haha teching your expo???
(25:07 / All) MrAnderson007: LOL
(25:14 / All) MrAnderson007: FEELING GOOD
(25:16 / All) MrAnderson007: LOL
(28:25 / All) BEAR_AND: hi
(28:31 / All) MrAnderson007: BORING!!
(28:34 / All) BEAR_AND: for u maybe
(28:36 / All) MrAnderson007: U BORING
(28:40 / All) BEAR_AND: hehe
(28:44 / All) BEAR_AND: from?
(29:21 / All) BEAR_AND: hi lol
(29:31 / All) MrAnderson007: IM WAITING
(29:56 / All) BEAR_AND: cool
(30:47 / All) MrAnderson007: RUN
(30:50 / All) MrAnderson007: LOL
(30:51 / All) MrAnderson007: LOL
(30:55 / All) BEAR_AND: =-)
(30:56 / All) MrAnderson007: LITTLE CUNT
(31:09 / All) BEAR_AND: i'm sorry that you're a bad player. that must be frustrating
(31:20 / All) MrAnderson007: LOL
(31:24 / All) MrAnderson007: JUST LEAAVE
(31:57 / All) BEAR_AND: nice one
(32:20 / All) BEAR_AND: lmao
(32:26 / All) BEAR_AND: click faster noob
(32:36 / All) MrAnderson007: I GOT LOTS OF GOLD :)
(32:43 / All) MrAnderson007: LOL
(32:44 / All) BEAR_AND: that's good you'll need it to keep losing wyrms to towers
(32:52 / All) MrAnderson007: JUST LEAVE
(32:55 / All) MrAnderson007: U SUCK
(32:57 / All) MrAnderson007: LOL
(33:03 / All) BEAR_AND: haha nah
(39:01 / All) BEAR_AND: bye idiot
(39:13 / All) BEAR_AND: https://highper.ch
(39:17 / All) BEAR_AND: quit now bye
(39:18 / All) BEAR_AND: leave
(41:03 / All) BEAR_AND: jhahahahaha res your heroes
(41:15 / All) MrAnderson007: IM JUST KILLING TIME
(41:20 / All) MrAnderson007: LOL
(41:26 / All) BEAR_AND: sounds good
(41:52 / All) MrAnderson007: RUN BITCH
(41:55 / All) MrAnderson007: RUN
(46:35 / All) BEAR_AND: here we go again
(46:41 / All) MrAnderson007: YEP
(46:47 / All) MrAnderson007: U BORRINF
(46:53 / All) BEAR_AND: lmao
(47:03 / All) BEAR_AND: just instantly run your dk into towers
(47:10 / All) BEAR_AND: gigantic shitnoob
(47:25 / All) MrAnderson007: OK
(47:27 / All) MrAnderson007: TY